 Dungeon Crawl Stone Soup version 0.31-a0-321-g19405a7a6a (webtiles) character file.

Game seed: 17320166451022722692

66 cforsyth the Ruffian (level 3, -1/28 HPs)
             Began as a Vampire Shapeshifter on July 18, 2023.
             Killed from afar by Robin (9 damage)
             ... with a puff of flame
             ... on level 2 of the Dungeon.
             The game lasted 00:01:57 (1293 turns).

cforsyth the Ruffian (Vampire Shapeshifter)         Turns: 1293, Time: 00:01:57

Health: -1/28      AC:  2    Str: 16    XL:     3   Next: 96%
Magic:  3/3        EV: 12    Int: 10    God:
Gold:   28         SH:  0    Dex: 14    Spells: 2/2 levels left

rFire   . .          .
                       - Unarmed
rCold   . . .        (no shield)
rNeg    . . .        a - +0 animal skin
rPois   .            (helmet currently unavailable)
rElec   .            (cloak currently unavailable)
rCorr   .            (gloves currently unavailable)
SInv    +            (boots currently unavailable)
Will    .....        (no amulet)
Stlth   +            (no ring)
HPRegen 0.44/turn    (no ring)
MPRegen 0.08/turn

%: no passive effects
@: beast-form, healing quickly
A: beast (slay +2), alive, fangs 3, see invisible, vampiric 2
a: Exsanguinate, Begin Untransformation


You were on level 2 of the Dungeon.
You were a hulking beast.
You visited 1 branch of the dungeon, and saw 2 of its levels.

You collected 28 gold pieces.

Inventory:

Hand Weapons
 l - the +4 mace of Fedhas's Indignation {heavy, rElec Str+2}
   (You found it on level 2 of the Dungeon)

   Str:       It affects your strength (+2).
   rElec:     It insulates you from electricity.
Armour
 a - a +0 animal skin (worn)
Jewellery
 k - a +6 ring of intelligence
 o - a ring of ice
Talismans
 c - a beast talisman
Scrolls
 d - a scroll of silence {unknown}
 g - a scroll of poison {unknown}
 h - 2 scrolls of enchant weapon {unknown}
 j - a scroll of enchant armour {unknown}
 n - a scroll of blinking {unknown}
Potions
 e - a potion of ambrosia {unknown}
 f - a potion of brilliance {unknown}
 i - 2 potions of heal wounds {unknown}
 m - a potion of might {unknown}
 p - a potion of haste {unknown}


   Skills:
 + Level 2.9 Fighting
 - Level 2.2 Dodging
 + Level 3.6 Unarmed Combat
 - Level 3.3 Shapeshifting


You had 2 spell levels left.
You didn't know any spells.
Your spell library contained the following spells:

 Spells                   Type           Power      Damage    Failure   Level
 Lesser Beckoning         Tloc           0%         N/A       50%         2
 Gell's Gravitas          Tloc           0%         N/A       75%         3
 Teleport Other           Tloc           0%         N/A       75%         3


Dungeon Overview and Level Annotations

Branches:
Dungeon (2/15)

Altars:

Annotations:
D:2 Robin


Innate Abilities, Weirdness & Mutations

You are a hulking beast.
Your limbs bulge with bestial killing power. (Slay +2)
Your natural rate of healing is accelerated.
You have razor-sharp teeth.
You have supernaturally acute eyesight. (SInv)
You are afflicted with vampirism and can become a bat while bloodless.


Message History

Robin is lightly wounded.
Robin hits you but does no damage.
You hit Robin but do no damage. You punch Robin, but do no damage.
Robin is lightly wounded.
Robin hits you but does no damage.
You hit Robin but do no damage.
Robin is lightly wounded.
Robin hits you but does no damage.
You barely miss Robin.
Robin is lightly wounded.
Robin hits you with a +0 mace.
* * * LOW HITPOINT WARNING * * *
You barely miss Robin.
Robin is lightly wounded.
Robin hits you but does no damage.
You hit Robin but do no damage.
Robin is lightly wounded.
Robin hits you but does no damage.
You hit Robin but do no damage.
Robin is lightly wounded.
You feel less wooden.
Your +0 animal skin unmelds from your body.
You turn into a hulking beast.
Robin barely misses you.
You hit Robin.
Robin is moderately wounded.
Robin says, "Duck!"
Robin closely misses you.
You hit Robin but do no damage.
Robin is moderately wounded.
Robin closely misses you.
You hit Robin.
Robin is heavily wounded.
You hit Robin.
Robin is severely wounded.
Robin roars a battlecry!
The goblin goes into a battle-frenzy!
You hit Robin.
Robin is almost dead.
Robin zaps a wand.
The puff of flame hits you!
You die...

##...## #.##.# #.# # ##.....##
#.##.# #.# ## #####.......##
#S#..# #.# ###.
...#........S###....###.######...
...'.........g.g..........>......
##g#.........###g..g....######...
##.##.......## ###).##### #.#.
#.###.....## #)g..# #.## ##.#
##.(.## #h#### #.## ##.# ##+##
#)# #... ##.# #.# #### ..# #.#
### #.# #.# #.# #.# #.#


You could see Robin and a goblin (strong).

Vanquished Creatures
  2 adders (D:2)
  4 bats
  2 endoplasms
  A giant cockroach (D:1)
  10 goblins
  7 hobgoblins
  4 kobolds
  2 quokkas
  6 ball pythons
  3 frilled lizards
  5 rats (D:1)
46 creatures vanquished.

Notes
Turn   | Place    | Note
-------+----------+-------------------------------------------
     0 | D:1      | cforsyth the Vampire Shapeshifter began the quest for the
                  | Orb.
     0 | D:1      | Reached XP level 1. HP: 16/16 MP: 1/1
   243 | D:1      | Reached XP level 2. HP: 22/22 MP: 2/2
   831 | D:2      | Gained mutation: You are afflicted with vampirism and can
                  | become a bat while bloodless. [Vampire growth]
   831 | D:2      | Reached XP level 3. HP: 22/28 MP: 3/3
   854 | D:2      | Identified the +4 mace of Fedhas's Indignation {heavy,
                  | rElec Str+2}
  1043 | D:2      | Found a faded altar of an unknown god.
  1202 | D:2      | Noticed Robin
  1293 | D:2      | Killed from afar by Robin

Illustrated notes

Levels and vault maps discovered:
D:1:      spicycebolla_arrival_transporter_tutorial, layout_basic
D:2:      layout_loops_corners, shapermc_ecumenical_altar_mp_highgroup,
          nicolae_shop_vocational, uniq_robin

Skill      XL: |  1  2 |
---------------+-------+-----
Fighting       | 2 |  2.9
Unarmed Combat | 3 |  3.6
Dodging        | |  2.2
Shapeshifting  | |  3.3

Action                     || total
---------------------------++-------
  Melee: Unarmed           ||   146
         Bite              ||     8
         Punch             ||     4
    Use: Potion            ||     1
 Armour: Animal skin       ||    25
         Skin              ||    70
  Dodge: Dodged            ||    87

Table legend: (Time is in decaauts)
 A = Elapsed time spent in this place.
 B = Non-inter-level travel time spent in this place.
 C = Inter-level travel time spent in this place.
 D = Time resting spent in this place.
 E = Time spent auto-exploring this place.
 F = Levels seen in this place.
 G = Mean time per level.
                   A        B        C        D        E       F      G
               +--------+--------+--------+--------+--------+-----+--------+
         Total |   1284 |   1258 |     26 |      0 |    958 |   2 |  642.0 |
       Dungeon |   1284 |   1258 |     26 |      0 |    958 |   2 |  642.0 |
               +--------+--------+--------+--------+--------+-----+--------+

Top non-repeatable levels by time:
     D:1: 734 daAuts
     D:2: 550 daAuts
